 Dungeon Crawl Stone Soup version 0.17-a0-2208-ge5ab1d3 (webtiles) character file.

497 Duffy the Grappler (level 6, -2/51 HPs)
             Began as a Draconian Monk on Oct 26, 2015.
             Slain by a sky beast (6 damage)
             ... on level 5 of the Dungeon.
             The game lasted 00:02:09 (2556 turns).

Duffy the Grappler (Draconian Monk)                 Turns: 2556, Time: 00:02:09

Health: -2/51      AC:  6    Str: 15    XL:     6   Next: 93%
Magic:  6/6        EV: 13    Int: 11    God:
Gold:   51         SH:  0    Dex: 13    Spells: 0 memorised, 5 levels left

rFire  . . .     SeeInvis .       - Unarmed
rCold  . . .     Clarity  .     (armour unavailable)
rNeg   . . .     SustAt   .     (no shield)
rPois  .         Gourm    .     (helmet restricted)
rElec  .         Spirit   .     (no cloak)
rCorr  .         Warding  .     (no gloves)
rMut   .         Stasis   .     (no boots)
MR     .....                    (no amulet)
Stlth  ++........               (no ring)
                                (no ring)

@: not resistant to hostile enchantments, unstealthy
A: unfitting armour, cold-blooded, AC +6
a: no special abilities


You were on level 5 of the Dungeon.
You were not hungry.

You visited 2 branches of the dungeon, and saw 6 of its levels.

You collected 51 gold pieces.


Innate Abilities, Weirdness & Mutations

Your plain brown scales are hard (AC +6).
Your body does not fit into most forms of armour.
You are cold-blooded and may be slowed by cold attacks.


   Skills:
 - Level 3.2 Fighting
 - Level 2.6 Dodging
 - Level 1.7 Stealth
 + Level 8.4 Unarmed Combat


You had 5 spell levels left.
You didn't know any spells.

Inventory:

Missiles
 e - 11 poisoned needles
Scrolls
 b - 2 scrolls of blinking {unknown}
 c - a scroll of remove curse {unknown}
 d - a scroll of enchant armour {unknown}
 g - a scroll of random uselessness {unknown}
Potions
 f - 2 potions of poison {unknown}
Comestibles
 a - 2 bread rations

Dungeon Overview and Level Annotations

Branches:
Dungeon (5/15)             Temple (1/1) D:4

Altars:
Ashenzari
Fedhas
Gozag
Okawaru
Ru
Trog
Yredelemnul
Lugonu


Message History

You barely miss something. You tail-slap something. Something hits you.
Something shocks you.
You are too injured to fight recklessly!
You are too injured to fight recklessly!
You are too injured to fight recklessly!
You are too injured to fight recklessly!
You are too injured to fight recklessly!
You are too injured to fight recklessly!
You are too injured to fight recklessly!
You are too injured to fight recklessly!
You are too injured to fight recklessly!
You are too injured to fight recklessly!
You are too injured to fight recklessly!
You are too injured to fight recklessly!
You are too injured to fight recklessly!
You are too injured to fight recklessly!
You are too injured to fight recklessly!
You closely miss something. The orc wizard barely misses you.
The orc priest invokes the aid of Beogh against you.
Something smites you! The orc wizard misses you.
You miss something. You tail-slap something.
Something hits you but does no damage.
The orc wizard hits you but does no damage.
You barely miss something. You tail-slap something.
The orc wizard hits you with a dagger. Something barely misses you.
The orc priest closely misses you.
You closely miss something.
The orc wizard hits you but does no damage.
Something hits you but does no damage.
You punch the orc priest!
The orc priest is severely wounded.
The orc wizard closely misses you. The orc priest hits you with a club.
The orc wizard casts a spell at you. The magic dart hits you!
Something hits you. Something shocks you.
You die...

####.....##
#......)..
#........#
#.......>#
#........
#.......#
#....o{o#######
#.@?......#
#.........#
#.........#
#......$..#
#.........#
#.........#
#...<.....#
#...........
##...#..####


You could see an orc priest and an orc wizard.

Action                   |  1- 3 |  4- 6 || total
-------------------------+-------+-------++-------
Melee: Unarmed           |    65 |   138 ||   203
 Stab: Sleeping          |     2 |     1 ||     3
  Eat: Chunk             |       |     5 ||     5

Notes
Turn   | Place    | Note
--------------------------------------------------------------
     0 | D:1      | Duffy the Draconian Monk began the quest for the Orb.
     0 | D:1      | Reached XP level 1. HP: 19/19 MP: 1/1
   126 | D:2      | Reached XP level 2. HP: 19/26 MP: 2/2
   443 | D:3      | Reached skill level 5 in Unarmed Combat
   446 | D:3      | Reached XP level 3. HP: 25/31 MP: 3/3
   745 | D:4      | Noticed an ogre
   758 | D:4      | Killed an ogre
   758 | D:4      | Reached skill level 6 in Unarmed Combat
   758 | D:4      | Reached XP level 4. HP: 18/38 MP: 4/4
   976 | D:5      | Entered Level 5 of the Dungeon
  1010 | D:4      | Reached XP level 5. HP: 31/45 MP: 5/5
  1375 | D:4      | Reached skill level 7 in Unarmed Combat
  1747 | D:4      | Reached XP level 6. HP: 34/51 MP: 6/6
  2106 | D:4      | Found a staircase to the Ecumenical Temple.
  2107 | D:4      | Noticed a phantom
  2114 | Temple   | Entered the Ecumenical Temple
  2198 | D:4      | Killed a phantom
  2198 | D:4      | Reached skill level 8 in Unarmed Combat
  2545 | D:5      | Noticed a sky beast
  2556 | D:5      | Slain by a sky beast

Vault maps used:
D:1:      minmay_arrival_glassed_features, serial_co_window_serial,
          co_window_corner_a, co_window_of_opportunity_a, co_window_paths_b,
          co_window_corner_a, co_window_of_opportunity_a,
          co_window_of_opportunity_b, co_window_corner_b, co_window_broadway_b,
          co_window_broadway_a, co_window_unsneaky_path_b,
          co_window_of_opportunity_b, co_window_paths_e,
          minmay_misc_feat_diagonals, hangedman_glass_teeth,
          minmay_misc_feat_five
D:2:      nicolae_ru_path_of_blood, uniq_natasha, uniq_sigmund
D:3:      grunt_qazlal_clouds, led_sif_book, first_bread
D:4:      lemuel_castle_with_subvaults, minmay_temple_entry_junction,
          lightli_minifort
D:5:      kennysheep_mini, gammafunk_temple_overflow_elements
Temple:   corrupted_temple

Vanquished Creatures
  An ogre
  A phantom
  2 orc priests
  An orc wizard
  6 worker ants
  2 gnolls
  5 adders
  A worm
  5 orcs
  A bat
  2 goblins
  2 hobgoblins
  12 jackals
  5 quokkas
  A ball python
  2 giant geckos
49 creatures vanquished.
